AoeStats
← mahel

Nomad

508919490Analyzed
3v3 RM · 8d ago on Sep 24, 2026· 36m 35s· 6 players
Game mode
Random Map
Map size
210×210
Population
200
Speed
Normal
Resources
Standard
Victory
Conquest
Starting age
Dark Age
Ending age
Imperial Age
RankedLock teamsTeams togetherTeam positionsShared explorationLock speedFull tech treeHidden civsTurbo modeCheats
Victory
Defeat
🇸🇪 Saxons · Sweden
876
+17
🇸🇪 Spanish · Sweden
858
+17
🇸🇪 Huns · Sweden
824
+19
🇨🇿 Varangians · Czechia
907
-18
🇨🇿 Persians · Czechia
888
-18
🇨🇿 Italians · Czechia
867
-17
maelmoor
5:29 Loom
15:26 Feudal Age
15:41 Man-at-Arms
16:52 Man-at-Arms
17:47 Scale Mail Armor
17:58 Forging
18:08 Arson
21:40 Double-Bit Axe
26:11 Castle Age
24:59 Stone Mining
25:00 Gold Mining
26:18 Pikeman
26:44 Gambesons
26:20 Long Swordsman
27:01 Squires
28:30 Chain Mail Armor
30:25 Fletching
32:40 Wheelbarrow
33:00 Town Watch
35:12 Elite Skirmisher
36:18 Bodkin Arrow
monkeylogics
5:55 Loom
15:54 Feudal Age
18:17 Double-Bit Axe
20:14 Horse Collar
25:08 Castle Age
23:43 Gold Mining
23:44 Stone Mining
24:37 Forging
24:34 Scale Barding Armor
24:55 Bloodlines
24:40 Fletching
26:09 Husbandry
31:29 Bodkin Arrow
37:11 Padded Archer Armor
Boris The Blade
16:44 Feudal Age
18:49 Town Watch
20:52 Double-Bit Axe
22:56 Man-at-Arms
29:08 Castle Age
29:55 Long Swordsman
36:37 Gold Mining
36:40 Stone Mining
mahel
6:00 Loom
18:33 Feudal Age
19:05 Double-Bit Axe
26:24 Castle Age
25:32 Bloodlines
27:43 Fletching
29:58 Wheelbarrow
29:28 Bodkin Arrow
33:36 Husbandry
libor1234
4:54 Loom
17:06 Feudal Age
18:09 Double-Bit Axe
24:05 Castle Age
22:22 Forging
23:12 Scale Barding Armor
23:36 Fishing Lines
25:42 Iron Casting
25:19 Bow Saw
26:06 Bloodlines
27:20 Gillnets
28:43 Stone Mining
29:20 Crossbowman
31:00 Stone Shaft Mining
30:58 Thumb Ring
35:40 Kamandaran
ondrej.cz
5:02 Loom
16:45 Feudal Age
32:55 Castle Age
Connection lost

Rejoining the realm…

Still unreachable

The connection could not be restored.

Session expired

The server has moved on; the page needs a fresh start.